 Dungeon Crawl Stone Soup version 0.26-a0-79-g47e9afce7f (webtiles) character file.

Game seed: 16102170794717812021

8 vurker the Vexing (level 2, 0/21 HPs)
             Began as a Formicid Arcane Marksman on June 15, 2020.
             Slain by a goblin (2 damage)
             ... on level 1 of the Dungeon.
             The game lasted 00:00:37 (132 turns).

vurker the Vexing (Formicid Arcane Marksman)         Turns: 132, Time: 00:00:37

Health: 0/21       AC:  2    Str: 14    XL:     2   Next: 15%
Magic:  3/3        EV: 12    Int: 12    God:
Gold:   0          SH:  0    Dex: 11    Spells: 2/3 levels left

rFire    . . .     SeeInvis +   b - +0 whip
rCold    . . .     Gourm    .   (no shield)
rNeg     . . .     Faith    .   f - +0 robe
rPois    .         Spirit   .   (helmet unavailable)
rElec    .         Reflect  .   (no cloak)
rCorr    .         Harm     .   (no gloves)
MR       .....                  (no boots)
Stlth    +.........             (no amulet)
HPRegen  0.07/turn              (no ring)
MPRegen  0.08/turn              (no ring)

@: no status effects
A: permanent stasis, dig shafts and tunnels, four strong arms, antennae 3
a: Dig, Shaft Self


You were on level 1 of the Dungeon.
You were not hungry.

You visited 1 branch of the dungeon, and saw 1 of its levels.

Inventory:

Hand Weapons
 a - a +0 hand crossbow
 b - a +0 whip (weapon)
   (You took it off a kobold on level 1 of the Dungeon)
Missiles
 d - 19 bolts
Armour
 f - a +0 robe (worn)
Scrolls
 c - a scroll of magic mapping {unknown}
 i - a scroll of enchant armour {unknown}
Potions
 g - a potion of curing {unknown}
Comestibles
 e - a ration
 h - 5 chunks of flesh


   Skills:
 + Level 1.5 Fighting
 * Level 2.5 Crossbows
 - Level 1.7 Dodging
 - Level 1.1 Spellcasting
 - Level 3.6 Hexes


You had 2 spell levels left.
You knew the following spells:

 Your Spells              Type           Power        Failure   Level  Hunger
a - Corona                Hex            #......      7%          1    ##.....

Your spell library contained the following spells:

 Spells                   Type           Power        Failure   Level  Hunger
 Slow                     Hex            #.......     11%         2    ###....
 Inner Flame              Hex/Fire       #.......     38%         3    ####...
 Portal Projectile        Hex/Tloc       #.....       38%         3    ####...
 Cause Fear               Hex            #.........   56%         4    #####..
 Leda's Liquefaction      Hex/Erth       #.........   80%         4    #####..


Dungeon Overview and Level Annotations

Branches:
Dungeon (1/15)

Altars:


Innate Abilities, Weirdness & Mutations

You cannot be hasted, slowed, berserked, paralysed or teleported.
You can dig through walls and to a lower floor.
Your four strong arms can wield two-handed weapons with a shield.
You have a pair of large antennae on your head. (SInv)


Message History

A goblin comes into view.
The goblin shouts!
You hear a shout!
A goblin comes into view. It is wielding a +0 club.
Found a stone staircase leading down.
There are monsters nearby!
There are monsters nearby!
There are monsters nearby!
There are monsters nearby!
A goblin comes into view.
The goblin shouts!
You closely miss the goblin. The goblin closely misses you.
You closely miss the goblin. The goblin completely misses you.
A rat comes into view.
You closely miss the goblin. The goblin closely misses you.
The goblin barely misses you.
You hit the goblin but do no damage. The goblin hits you.
The goblin completely misses you.
You hit the goblin but do no damage. The goblin closely misses you.
The goblin misses you.
You hit the goblin.
You kill the goblin!
You have reached level 2!
The goblin barely misses you. x2
You barely miss the goblin. The goblin hits you with a +0 club.
The goblin hits you.
* * * LOW HITPOINT WARNING * * *
You see here a scroll labeled UTIHOL IJUR.
You closely miss the goblin. The goblin barely misses you.
You closely miss the goblin. The goblin closely misses you.
The goblin barely misses you.
You hit the goblin.
You kill the goblin!
You barely miss the rat. The rat bites you but does no damage.
You hit the rat but do no damage. The rat completely misses you.
You hit the rat but do no damage. The rat bites you.
You closely miss the rat. The rat misses you. The rat bites you.
* * * LOW HITPOINT WARNING * * *
You completely miss the rat. The rat completely misses you.
You hit the rat.
You kill the rat!
You closely miss the goblin. The goblin hits you but does no damage.
You barely miss the goblin. The goblin hits you.
* * * LOW HITPOINT WARNING * * *
You hit the goblin but do no damage. The goblin closely misses you.
You miss the goblin. The goblin hits you.
* * * LOW HITPOINT WARNING * * *
You closely miss the goblin. The goblin hits you.
* * * LOW HITPOINT WARNING * * *
You barely miss the goblin. The goblin hits you.
You die...

......?.....#................#..÷
..#.........#...............##...
...............?..?..............
.....?.......###..............†.#
......?...##.# #....#...........#
....#+#.#..#.# #................#
..## #.#..#.# #................#
.. .....#.# ##g.........######
......#.# #@....#..........# #.#
#.....#..........#
#.....#..........#
.................. ..........
#....... ..........##.......
#####......##....### ......
#....... #.......


You could see a goblin.

Vanquished Creatures
  3 goblins (D:1)
  A hobgoblin (D:1)
  A kobold (D:1)
  2 frilled lizards (D:1)
  A rat (D:1)
8 creatures vanquished.

Notes
Turn   | Place    | Note
-------+----------+-------------------------------------------
     0 | D:1      | vurker the Formicid Arcane Marksman began the quest for the
                  | Orb.
     0 | D:1      | Reached XP level 1. HP: 15/15 MP: 2/2
   100 | D:1      | Reached XP level 2. HP: 15/21 MP: 3/3
   132 | D:1      | Slain by a goblin

Illustrated notes

Levels and vault maps discovered:
D:1:      dpeg_arrival_tiny_k, layout_basic, due_unseen_surprise

Action                   || total
-------------------------++-------
Melee: Whip              ||    25
 Fire: Hand crossbow     ||     4
Armor: Robe              ||     2
Dodge: Dodged            ||    18

Table legend:
 A = Non-vault XP
 B = Vault XP
 C = Vault XP percentage of total XP
 D = Non-vault monster count
 E = Vault monster count
 F = Vault count percentage of total count
                 A         B        C        D         E       F
            +---------+---------+-------+---------+---------+-------
      Total |      12 |       0 |   0.0 |       8 |       0 |   0.0
            +---------+---------+-------+---------+---------+-------
        D:1 |      12 |       0 |   0.0 |       8 |       0 |   0.0
            +---------+---------+-------+---------+---------+-------
